 Dungeon Crawl Stone Soup version 0.16.2-12-gd0ad4c3 (webtiles) character file.

85 hannobal the Slasher (level 4, 0/29 HPs)
             Began as a High Elf Skald on Oct 18, 2015.
             Was an Initiate of Ru.
             Slain by an orc wizard
             ... wielding a +1 dagger of draining
              (1 damage)
             ... on level 4 of the Dungeon.
             The game lasted 00:10:57 (3199 turns).

hannobal the Slasher (High Elf Skald)               Turns: 3199, Time: 00:10:57

Health: 0/29       AC:  5    Str: 12      XL:     4   Next: 25%
Magic:  9/12       EV: 10    Int: 16      God:    Ru [......]
Gold:   108        SH:  0    Dex: 11 (14) Spells: 3 memorised, 4 levels left

rFire  . . .     SeeInvis .     a - +0 falchion
rCold  . . .     Clarity  .     f - +0 ring mail
rNeg   . . .     SustAb   .     (no shield)
rPois  .         Gourm    .     (no helmet)
rElec  .         Spirit   .     (no cloak)
rCorr  .         Warding  .     (no gloves)
rMut   .         Stasis   .     (no boots)
MR     .....                    (no amulet)
Stlth  +.........               (no ring)
                                (no ring)

@: infused, singing, drained, not resistant to hostile enchantments, very
unstealthy
A: no striking features
a: Renounce Religion, Stop Singing


You were on level 4 of the Dungeon.
You worshipped Ru.
Ru was noncommittal.
You were not hungry.

You visited 1 branch of the dungeon, and saw 4 of its levels.

You collected 108 gold pieces.

Inventory:

Hand weapons
 a - a +0 falchion (weapon)
 b - a +0 hunting sling
 g - a +0 spear
 h - a +0 short sword
Missiles
 e - 80 stones (quivered)
 i - 5 poisoned needles
 o - 20 bolts
Armour
 f - a +0 ring mail (worn)
 p - a +0 leather armour
Scrolls
 k - 2 scrolls of fog
 l - a scroll of enchant armour
 n - 2 scrolls of identify
 t - 2 scrolls of remove curse
Potions
 j - a potion of resistance
Books
 c - a book of Battle

   Spells                             Type                      Level
   a - Infusion                       Charms                       1
   b - Shroud of Golubria             Charms/Translocation         2
   c - Song of Slaying                Charms                       2
   d - Spectral Weapon                Hexes/Charms                 3
   e - Regeneration                   Charms/Necromancy            3
Comestibles
 d - 2 bread rations {@e1}
 m - a meat ration {@e2}
 q - 4 chunks of flesh {@w0}
 s - a slice of pizza


   Skills:
 - Level 2.0(1.7) Fighting
 + Level 4.3(4.0) Long Blades
 - Level 1.0(0.7) Armour
 - Level 1.1(0.8) Dodging
 - Level 3.2(2.9) Spellcasting
 - Level 4.0(3.7) Charms
 - Level 1.0(0.8) Translocations


You had 4 spell levels left.
You knew the following spells:

 Your Spells              Type           Power        Failure   Level  Hunger
a - Infusion              Chrm           ##....       10%         1    #......
b - Song of Slaying       Chrm           ##......     14%         2    ##.....
c - Shroud of Golubria    Chrm/Tloc      #.........   24%         2    ##.....


Dungeon Overview and Level Annotations

Branches:
Dungeon (4/15)
 Temple: D:4-7

Altars:
Ru
Trog

Annotations:
D:3 !, Grinder


Message History

You barely miss the orc priest.
The orc priest is moderately wounded.
The orc priest looks braver.
The orc barely misses you. The orc priest closely misses you.
The orc priest calls down the wrath of Beogh upon you.
Pain shoots through your body!
The orc wizard casts a spell.
The orc wizard blinks!
The orc priest calls down the wrath of Beogh upon you.
Something smites you!
Ouch! That really hurt!
* * * LOW HITPOINT WARNING * * *
The orc wizard gestures at you while chanting.
You resist with some effort.
You closely miss the orc wizard.
The orc wizard hits you with a dagger of draining.
* * * LOW HITPOINT WARNING * * *
You feel drained.
You die...

#...##...##.###+###
#...##....'..#.....
#...##....#..+..oo
#...####+##)##..#
#...##...##.##'###+
#...##o...h..'.....
##+##...h..o.o#..#.....
#.......##...##.##+###.
#..##o@.###+###.# ##
##### +.. #+#


You could see an orc priest, an orc wizard and a jackal.

Vanquished Creatures
  3 adders (D:2)
  A giant gecko (D:2)
  2 oozes
  6 giant cockroaches
  4 hobgoblins
  4 jackals (D:1)
  A quokka (D:2)
  A ball python (D:4)
  5 bats
  5 giant newts
  7 goblins
  8 kobolds
  7 rats
54 creatures vanquished.

Notes
Turn   | Place    | Note
--------------------------------------------------------------
     0 | D:1      | hannobal, the High Elf Skald, began the quest for the Orb.
     0 | D:1      | Reached XP level 1. HP: 14/14 MP: 4/4
   192 | D:1      | Reached skill level 1 in Armour
   365 | D:1      | Reached XP level 2. HP: 9/19 MP: 3/6
   375 | D:1      | Learned a level 2 spell: Song of Slaying
   378 | D:1      | Learned a level 2 spell: Shroud of Golubria
   699 | D:1      | Reached skill level 4 in Long Blades
  1135 | D:1      | Reached XP level 3. HP: 24/24 MP: 4/8
  1525 | D:2      | Reached skill level 1 in Translocations
  2306 | D:2      | Found a sacrificial altar of Ru.
  2323 | D:2      | Became a worshipper of Ru the Awakened
  2600 | D:2      | Reached XP level 4. HP: 8/29 MP: 4/12
  2949 | D:2      | You fall through a shaft!
  2949 | D:3      | Noticed Grinder
  2951 | D:3      | Paralysed by Grinder for 5 turns
  3118 | D:3      | Found a bloodstained altar of Trog.
  3199 | D:4      | HP: 1/29 [orc wizard/dagger of draining (2)]
  3199 | D:4      | Slain by an orc wizard

Action                   |  1- 3 |  4- 6 || total
-------------------------+-------+-------++-------
Melee: Falchion          |   150 |    34 ||   184
 Fire: Hunting sling     |     2 |     6 ||     8
Throw: Stone             |    16 |       ||    16
 Cast: Infusion          |    19 |     8 ||    27
       Song of Slaying   |     1 |     1 ||     2
       Shroud of Golubri |     1 |     1 ||     2
  Use: Scroll            |     6 |     2 ||     8
       Potion            |     4 |     1 ||     5
 Stab: Sleeping          |     1 |       ||     1
  Eat: Chunk             |     4 |       ||     4
       Royal jelly       |     1 |       ||     1
       Pizza             |       |     1 ||     1
